 Dungeon Crawl Stone Soup version 0.27.1-35-g4d5d836560 (webtiles) character file.

Game seed: 591005550838414700

2984 cbfl8 the Cleaver (level 9, -3/74 (78) HPs)
             Began as a Minotaur Delver on Mar 18, 2022.
             Was a Priest of Yredelemnul.
             Slain by a wight (7 damage)
             ... on level 8 of the Dungeon.
             The game lasted 00:21:57 (9029 turns).

cbfl8 the Cleaver (Minotaur Delver)                 Turns: 9029, Time: 00:21:57

HP:   -3/74 (78)    AC: 14    Str: 19    XL:     9   Next: 53%
MP:   10/10         EV:  7    Int: 13    God:    Yredelemnul [***...]
Gold: 343           SH:  5    Dex: 13    Spells: 5/8 levels left

rFire    . . .     SeeInvis .   K - +0 battleaxe
rCold    . . .     Faith    .   (shield currently unavailable)
rNeg     . . .     Spirit   .   I - +1 plate armour
rPois    .         Reflect  +   (helmet restricted)
rElec    .         Harm     .   (no cloak)
rCorr    .         Rampage  .   (no gloves)
Will     .....                  (no boots)
Stlth    ..........             l - amulet of reflection
HPRegen  0.22/turn              o - +4 ring of slaying
MPRegen  0.12/turn              x - +6 ring of intelligence

@: mighty, drained
A: horns 2, retaliatory headbutt
a: Renounce Religion, Recall Undead Slaves, Injury Mirror, Animate Dead


You were on level 8 of the Dungeon.
You worshipped Yredelemnul.
Yredelemnul was most pleased with you.
You visited 2 branches of the dungeon, and saw 9 of its levels.

You collected 343 gold pieces.

Inventory:

Hand Weapons
 a - a +0 hand axe
 r - a +1 war axe
 K - a +0 battleaxe (weapon)
Armour
 b - a +0 leather armour
 i - a +1 scale mail
 I - a +1 plate armour (worn)
Jewellery
 l - an amulet of reflection (around neck)
 o - a +4 ring of slaying (left hand)
 t - an amulet of guardian spirit
 x - a +6 ring of intelligence (right hand)
 y - a +4 ring of evasion
 F - a ring of see invisible
Wands
 g - a wand of digging (3)
 p - a wand of iceblast (6)
 q - a wand of polymorph (8)
 C - a wand of flame (23)
 E - a wand of paralysis (2)
 J - a wand of mindburst (11)
Scrolls
 c - a scroll of fog
 d - a scroll of magic mapping
 e - 2 scrolls of fear
 m - a scroll of noise
 n - 2 scrolls of immolation
 v - a scroll of enchant armour
 w - 2 scrolls of vulnerability
 B - 2 scrolls of amnesia
 G - a scroll of brand weapon {unknown}
 H - a scroll of teleportation
Potions
 f - a potion of haste
 h - a potion of flight
 j - a potion of might
 k - a potion of heal wounds {unknown}
 s - a potion of ambrosia {unknown}
 u - 4 potions of brilliance
 z - 2 potions of resistance
 D - a potion of degeneration {unknown}


   Skills:
 + Level 6.9 Fighting
 + Level 9.9 Axes
 + Level 7.2 Armour
 + Level 4.1 Dodging
 + Level 5.7 Stealth
 + Level 3.5 Shields
 + Level 2.9 Invocations


You had 5 spell levels left.
You knew the following spells:

 Your Spells              Type           Power      Damage    Failure   Level
a - Tukima's Dance        Hex            0%         N/A       100%        3

Your spell library contained the following spells:

 Spells                   Type           Power      Damage    Failure   Level
 Animate Skeleton         Necr           0%         N/A       100%        1
 Apportation              Tloc           0%         N/A       100%        1
 Corona                   Hex            0%         N/A       100%        1
 Freeze                   Ice            0%         1d3       100%        1
 Shock                    Conj/Air       0%         1d3       100%        1
 Summon Small Mammal      Summ           0%         N/A       100%        1
 Ensorcelled Hibernation  Hex/Ice        0%         N/A       100%        2
 Dazzling Flash           Conj/Hex       0%         N/A       100%        3
 Frozen Ramparts          Ice            0%         1d2       100%        3
 Stone Arrow              Conj/Erth      0%         3d7       100%        3
 Airstrike                Air            0%         N/A       100%        4
 Hailstorm                Conj/Ice       0%         3d3       100%        4
 Iskenderun's Mystic Bla  Conj/Tloc      0%         2d3       100%        4
 Bolt of Magma            Conj/Fire/Erth 0%         4d4       100%        5
 Starburst                Conj/Fire      0%         6d3       100%        6
 Chain Lightning          Conj/Air       0%         N/A       100%        9
 Shatter                  Erth           0%         3d5*      100%        9


Dungeon Overview and Level Annotations

Branches:
Dungeon (8/15)             Temple (1/1) D:4
   Lair: D:8-11

Altars:
Ashenzari
Dithmenos
Elyvilon
Fedhas
Gozag
Hepliaklqana
Kikubaaqudgha
Okawaru
Qazlal
Ru
Sif Muna
Trog
Uskayaw
Vehumet
Wu Jian
Xom
Yredelemnul
Zin
The Shining One

Shops:
D:6 :(


Innate Abilities, Weirdness & Mutations

You have a pair of horns on your head.
You reflexively headbutt those who attack you in melee.


Message History

Your black bear's corpse dissolves into shadows!
The wight hits you but does no damage. The wight hits you but does no damage.
Your hound closely misses the wight.
The wight closely misses your hound.
Your hound bites the wight.
The wight hits your hound with a +0 hand axe!
The wight drains your hound.
Your hound barely misses the wight.
Your hound bites the wight but does no damage.
The wight barely misses your hound.
Your hound bites the wight but does no damage.
The wight barely misses you.
Your hound closely misses the wight.
The wight hits you but does no damage. The wight barely misses your hound.
Your hound bites the wight but does no damage.
Your hound bites the wight but does no damage.
The wight hits your hound with a +0 hand axe!
Your hound dies!
Your hound's corpse dissolves into shadows!
The wight barely misses you. The wight hits you but does no damage.
The wight barely misses you.
There is a stone staircase leading down here.
The wight hits you from afar with a +0 halberd!
* * * LOW HITPOINT WARNING * * *
You feel drained.
* * * LOW HITPOINT WARNING * * *
The wight hits you with a +4 battleaxe!
* * * LOW HITPOINT WARNING * * *
You feel drained.
* * * LOW HITPOINT WARNING * * *
You climb downwards.
Found four items.
There is a stone staircase leading up here.
Okay, then.
Okay, then.
It was a potion of might.
You feel very mighty all of a sudden. The wight hits you with a +4 battleaxe!
You die...
Your body rises from the dead as a mindless zombie.

## .## #
#. .. #.
#. .#
#.##.##.#
!.?....#
#.?...#
#.....#
#..@..#
#.z..##
#...$#
#...##
##.## #.
#. #.


You could see a wight.

Vanquished Creatures
  A slime creature (D:7)
  Grinder (D:3)
  Prince Ribbit (D:5)
  A yak (D:5)
  A steam dragon (D:7)
  Edmund (D:5)
  Menkaure (D:7)
  A water moccasin (D:6)
  An ice beast (D:7)
  2 centaurs
  A phantom (D:5)
  4 bullfrogs
  5 scorpions
  3 killer bees (D:7)
  5 centaur zombies
  A hound (D:7)
  2 jellies
  An orc priest (D:3)
  An iguana (D:5)
  A bullfrog skeleton (D:5)
  A centaur skeleton (D:7)
  Terence (D:2)
  An orc wizard (D:5)
  A hound skeleton (D:4)
  A howler monkey skeleton (D:2)
  8 adders
  A river rat (D:5)
  An ufetubus (D:4)
  4 dart slugs
  4 worms
  14 orcs
  4 ball pythons
  6 bats
  3 endoplasms
  3 giant cockroaches
  3 goblins (D:1)
  2 hobgoblins
  7 kobolds
  5 quokkas
  4 frilled lizards
  7 rats
116 creatures vanquished.

Vanquished Creatures (collateral kills)
  An orc warrior (D:7)
  3 killer bees (D:7)
  A wight (D:7)
  An adder (D:2)
  A worm (D:5)
  A dart slug (D:2)
  A goblin (D:2)
  A kobold (D:2)
  A rat (D:2)
11 creatures vanquished.

Vanquished Creatures (others)
  A bullfrog (D:7)
  2 adder zombies
  A dart slug zombie (D:2)
  A killer bee zombie (D:7)
  An orc zombie (D:5)
  A quokka zombie (D:2)
  A rat zombie (D:2)
  2 scorpion zombies
  A steam dragon zombie (D:7)
  A plant (Temple)
12 creatures vanquished.

Grand Total: 139 creatures vanquished

Notes
Turn   | Place    | Note
-------+----------+-------------------------------------------
     0 | D:5      | cbfl8 the Minotaur Delver began the quest for the Orb.
     0 | D:5      | Reached XP level 1. HP: 19/19 MP: 0/0
   102 | D:4      | Found a staircase to the Ecumenical Temple.
   115 | Temple   | Entered the Ecumenical Temple
   274 | Temple   | Became a worshipper of Yredelemnul the Dark
   505 | D:4      | Reached XP level 2. HP: 27/27 MP: 1/1
  1161 | D:4      | Reached XP level 3. HP: 22/33 MP: 2/2
  1830 | D:3      | Noticed Grinder
  1912 | D:3      | Reached skill level 3 in Axes
  1912 | D:3      | Reached skill level 1 in Armour
  1912 | D:3      | Reached XP level 4. HP: 36/40 MP: 3/3
  1916 | D:3      | Reached skill level 5 in Stealth
  2109 | D:3      | Killed Grinder
  2110 | D:3      | Reached skill level 4 in Axes
  2110 | D:3      | Reached skill level 1 in Shields
  2110 | D:3      | Reached XP level 5. HP: 10/47 MP: 4/4
  2110 | D:3      | Reached XP level 6. HP: 12/55 MP: 5/5
  2419 | D:3      | Reached * piety under Yredelemnul
  2653 | D:2      | Noticed Terence
  2929 | D:2      | Reached skill level 5 in Fighting
  3312 | D:2      | Killed Terence
  3815 | D:1      | Reached ** piety under Yredelemnul
  3898 | D:1      | Found a faded altar of an unknown god.
  4440 | D:5      | Noticed Prince Ribbit
  4452 | D:5      | Killed Prince Ribbit
  4453 | D:5      | Reached skill level 5 in Axes
  4453 | D:5      | Reached skill level 1 in Invocations
  4453 | D:5      | Reached XP level 7. HP: 53/61 MP: 6/6
  5225 | D:5      | Reached skill level 6 in Axes
  5293 | D:5      | Noticed Edmund
  6277 | D:6      | Reached skill level 5 in Armour
  6277 | D:6      | Reached XP level 8. HP: 56/69 MP: 6/8
  6281 | D:6      | Learned a level 3 spell: Tukima's Dance
  6431 | D:6      | Found Difahov's Book Emporium.
  6456 | D:6      | Found an iron altar of Okawaru.
  6463 | D:6      | Found Mofewuz's Weapon Shop.
  6717 | D:5      | Reached skill level 7 in Axes
  6733 | D:5      | Killed Edmund
  7475 | D:7      | Reached skill level 8 in Axes
  7497 | D:7      | Noticed Menkaure
  7543 | D:7      | Got Mishibacw's Papyrus of Flying Stones
  7553 | D:7      | Killed Menkaure
  8002 | D:7      | Noticed a slime creature
  8022 | D:7      | Killed a slime creature
  8023 | D:7      | Reached XP level 9. HP: 64/77 MP: 9/9
  8028 | D:7      | Reached skill level 9 in Axes
  8980 | D:7      | Reached *** piety under Yredelemnul
  9029 | D:8      | Slain by a wight

Illustrated notes

Levels and vault maps discovered:
D:1:      dpeg_arrival_stone_temple_mockup, layout_basic,
          shapermc_ecumenical_altar_venn, minmay_ruptured
D:2:      layout_loops_ring, st_stairs_2, minmay_pentomino_z2, uniq_terence
D:3:      layout_rooms, uniq_grinder
D:4:      layout_basic, minmay_temple_entry_wispy
D:5:      layout_basic, gup_sewer_entry_bubbles, roderic_serpentine_path,
          uniq_prince_ribbit1, uniq_edmund
D:6:      kennysheep_big_flooded_room, layout_loops_ring,
          mainiacjoe_overflow_catwalk, serial_shops, shop, shop_statue
D:7:      minmay_angry_zag, layout_cave_pods, uniq_menkaure
D:8:      layout_loops_cross
Temple:   kilobyte_greek_temple

Skill      XL: |  1  2  3  4  5  6  7  8  9 |
---------------+----------------------------+-----
Fighting       | 4 5 6 |  6.9
Axes           | 3 4 5 6 8 9 |  9.9
Armour         | 1 2 3 5 6 7 |  7.2
Stealth        | 5 |  5.7
Shields        | 1 2 3 |  3.5
Invocations    | 1 2 |  2.9
Dodging        | 3 4 |  4.1

Action                   |  1- 3 |  4- 6 |  7- 9 || total
-------------------------+-------+-------+-------++-------
Melee: Hand axe          |     5 |       |       ||     5
       War axe           |    21 |    82 |   129 ||   232
       Headbutt          |     5 |    18 |    34 ||    57
       Battleaxe         |       |       |    12 ||    12
Invok: Animate Remains   |       |     8 |    10 ||    18
       Recall Undead Sla |       |       |     1 ||     1
       Animate Dead      |       |       |     1 ||     1
  Use: Potion            |       |     2 |     3 ||     5
       Scroll            |       |       |    15 ||    15
 Stab: Sleeping          |     1 |     4 |       ||     5
       Distracted        |       |       |     1 ||     1
Armor: Scale mail        |     8 |    33 |    56 ||    97
       Plate armour      |       |       |    44 ||    44
Dodge: Dodged            |    15 |    45 |    79 ||   139
Block: Other             |     4 |    27 |    41 ||    72
       Reflection        |       |       |     1 ||     1
